[Event "FIDE Candidates Tournament 2022"]
[Site "Madrid"]
[Date "2022.06.22"]
[Round "5.4"]
[White "Nakamura, Hikaru"]
[Black "Nepomniachtchi, Ian"]
[Result "1/2-1/2"]
[ECO "C42"]
[WhiteElo "2760"]
[BlackElo "2773"]
[Annotator "TA"]
[PlyCount "67"]
[EventDate "2022.06.17"]
[EventType "tourn"]
[EventCountry "ESP"]
[SourceTitle "playchess.com"]
[Source "ChessBase"]
[SourceQuality "1"]
[TimeControl "40/7200:20/3600:900+30"]

1. e4 e5 2. Nf3 Nf6 3. Nxe5 d6 4. Nf3 Nxe4 5. d4 d5 6. Bd3 Nc6 7. O-O Be7 8. c4 Nb4 9. Be2 O-O 10. Nc3 Bf5 11. a3 Nxc3 12. bxc3 Nc6 13. Re1 Re8 14. Ra2 {[%emt 0:00:26] C42: Petroff Defence: 3 Nxe5 and unusual White 3rd moves.} Bf8 {[%emt 0:16:27] [#]} 15. cxd5 $146 ({Predecessor:} 15. a4 Ne7 16. Qb3 c6 17. Qxb7 Rb8 18. Qxa7 Rb1 19. Rb2 Nc8 20. Qa6 Rxb2 21. Bxb2 Qb6 22. Qxb6 Nxb6 {1-0 (48) Alekseenko,K (2590)-Lintchevski,D (2548) Khanty-Mansiysk 2017}) 15... Qxd5 16. c4 Qe4 (16... Qd6 $11) 17. Bf1 $14 Qg4 {[%emt 0:01:23] [#]} ({Black should play} 17... Qb1 $14 18. Rxe8 Rxe8) 18. h3 $1 $16 Rxe1 19. Qxe1 Qe4 20. Re2 Qd3 {[%emt 0:10:51] [#]} 21. Rb2 (21. Nh4 $1 $16) 21... Qe4 $11 22. Re2 (22. Qxe4 $11 Bxe4 23. Ng5 (23. Rxb7 Nxd4 24. Rxc7 Ne6 $11)) 22... Qd3 $16 23. Re3 Qb1 24. d5 Ne7 25. Nd2 Qa1 26. Nb3 $1 Qf6 27. Bd2 {[%emt 0:00:04] Bc3 is the strong threat.} Ng6 28. Na5 ({Better is} 28. Bc3 $16 Qd8 29. Bb4 (29. Nd4 Bd7 $14)) 28... b6 $11 {[%emt 0:01:52] The position is equal.} 29. Nc6 Bd7 30. Bc3 Qd6 31. Bb4 Qf6 32. Bc3 Qd6 33. Bb4 Qf6 34. Bc3 {[%emt 0:00:11] Weighted Error Value: White=0.21 (precise) /Black=0.06 (flawless)} 1/2-1/2

[Event "FIDE Candidates Tournament 2022"]
[Site "Madrid"]
[Date "2022.06.23"]
[Round "6.3"]
[White "Nakamura, Hikaru"]
[Black "Ding, Liren"]
[Result "1/2-1/2"]
[ECO "C54"]
[WhiteElo "2760"]
[BlackElo "2806"]
[Annotator "TA"]
[PlyCount "84"]
[EventDate "2022.06.17"]
[EventType "tourn"]
[EventCountry "ESP"]
[SourceTitle "playchess.com"]
[Source "ChessBase"]
[SourceQuality "1"]
[TimeControl "40/7200:20/3600:900+30"]

1. e4 {[%emt 0:00:16] Giri,A} e5 2. Nf3 Nc6 3. Bc4 Nf6 4. d3 Bc5 5. c3 d6 6. O-O O-O 7. Re1 $1 {[%emt 0:00:07][%mdl 4] outshines the older 7.Bb3.} a5 {[%emt 0:00:24] C54: Giuoco Piano: 4 c3 Nf6, main lines with 5 d4 and 5 d3.} 8. h3 h6 9. Nbd2 Be6 10. Bb5 (10. Bb3 Bxb3 11. axb3 Re8 12. Nf1 d5 13. Qe2 Bf8 14. g4 Qd7 15. Ng3 Rad8 16. g5 hxg5 17. Bxg5 Re6 18. Kg2 Be7 19. Nf5 Nh7 20. Be3 Bf8 21. Kh2 g6 {1-0 (42) Nakamura,H (2736)-Ding,L (2799) Chess.com INT 2021}) 10... Qb8 11. Bxc6 bxc6 12. d4 exd4 13. cxd4 Bb6 14. a4 Re8 15. Ra3 {[%emt 0:00:26] [#]} Qa7 $146 ({Predecessor:} 15... Qb7 16. Rae3 Rab8 17. b3 Ba7 18. Bb2 d5 19. e5 Nd7 20. Nh4 c5 21. Rg3 Qa6 {1-0 (28) Giri,A (2780)-Anton Guijarro,D (2674) Batumi 2019 CBM 193 [Giri,A]}) 16. Nf1 d5 17. e5 Ne4 18. N1d2 $1 Bf5 19. Re2 Rad8 20. Nb3 $1 c5 21. dxc5 Bxc5 22. Nxc5 Qxc5 23. Nd4 Bd7 (23... Rxe5 $2 24. Bf4 Re6 25. Nxf5 $18) 24. Bf4 Qe7 25. Nb5 Bxb5 26. axb5 Ng5 27. Rxa5 Ne6 28. Bd2 d4 29. Ra3 Qc5 30. Rg3 d3 31. Re1 Qxb5 32. Qh5 Qxb2 33. Bxh6 {[%emt 0:01:56][%cal Og3g7] [#] Intending Rxg7+! and mate.} ({Much worse is} 33. Qxh6 c5 34. Qe3 Rd4 $17) 33... d2 (33... Qb4 $5 34. Rd1 Qe4 $17) 34. Rd1 {[%emt 0:00:14] The position is equal.} Rd5 35. Bxg7 {[%emt 0:08:13] Dancing on a razor blade.} Nxg7 36. Rxg7+ Kxg7 37. Qg5+ Kf8 38. Qh6+ Kg8 39. Qg5+ Kf8 40. Qh6+ Ke7 41. Qf6+ Kf8 42. Qh6+ Kg8 {[%emt 0:00:13] An even fight not without its subleties.  Weighted Error Value: White=0.03 (flawless) /Black=0.01 (flawless)} 1/2-1/2

[Event "FIDE Candidates Tournament 2022"]
[Site "Madrid"]
[Date "2022.07.03"]
[Round "13.2"]
[White "Nakamura, Hikaru"]
[Black "Duda, Jan-Krzysztof"]
[Result "1-0"]
[ECO "B90"]
[WhiteElo "2760"]
[BlackElo "2750"]
[Annotator "TA"]
[PlyCount "103"]
[EventDate "2022.06.17"]
[EventType "tourn"]
[EventCountry "ESP"]
[SourceTitle "playchess.com"]
[Source "ChessBase"]
[SourceQuality "1"]
[TimeControl "40/7200:20/3600:900+30"]

1. e4 c5 2. Nf3 d6 3. d4 cxd4 4. Nxd4 Nf6 5. Nc3 a6 6. Be3 e5 7. Nf3 Be7 8. h3 {[%emt 0:00:05] B90: Sicilian Najdorf: Unusual White 6th moves, 6 Be3 Ng4 and 6 Be3 e5.} h6 {[%emt 0:07:05] 8...Be6 is the modern continuation.} 9. Bc4 Be6 10. Bb3 {[%emt 0:02:35] The position is equal.} Nc6 {[%emt 0:02:51] [#]} 11. Nh4 $146 ({Predecessor:} 11. Nd5 Bxd5 12. Bxd5 O-O 13. c3 Qa5 14. b4 Qc7 15. O-O Bd8 16. Rc1 Rc8 17. a3 {0-1 (57) Hilby,C (2441)-Martinez Alcantara,J (2608) Charlotte 2021}) 11... Na5 12. Bxe6 fxe6 13. Ng6 Rg8 14. O-O Nc4 15. Bc1 Rc8 16. h4 Rc6 17. Qf3 Kf7 18. h5 Qc7 19. Nd1 Nb6 20. Ne3 Nbd7 21. c4 Nf8 22. Nh4 N8h7 23. b3 ({Don't play} 23. Qg3 Ng5 24. Nf3 (24. f4 exf4 25. Qxf4 Ke8 $17) 24... Nfxe4 25. Nxg5+ Bxg5 26. Qf3+ Nf6 $17) 23... Ng5 24. Qe2 Ngxe4 ({But not} 24... Nfxe4 25. Ng4 $11) 25. Bb2 Re8 (25... d5 $2 26. cxd5 Nxd5 27. Ng6 $18 (27. Qg4 Nf4 $11)) 26. Ng6 Kg8 27. Rad1 a5 (27... Qb6 $5 ) 28. Ng4 Bd8 29. Nxf6+ Nxf6 30. Rd2 Nd7 31. Rfd1 (31. Ba3 $11) 31... Bg5 $17 32. Rd3 b5 33. Ba3 d5 (33... b4 $17 34. Bb2 Nc5) 34. cxd5 $11 Rc2 {[%emt 0:00:22] [#]} 35. Bd6 $1 $36 {[%emt 0:03:10][%mdl 2048] Black is under pressure.} Rxe2 (35... Qc8 36. Qf3) 36. Bxc7 Nc5 37. d6 Nd7 (37... Nxd3 $11 38. d7 {[#]} Ra8 $1 39. Rxd3 Rxa2 40. Nxe5 Ra1+ 41. Kh2 a4 42. bxa4 R1xa4) 38. Bxa5 $14 {[%emt 0:03:47] Strongly threatening Rc3.} Rxa2 39. Bb4 Bd8 ({Better is} 39... Rea8) 40. Rc3 $16 {[%emt 0:00:00] White is much more active.} Bb6 41. Kh2 Kh7 (41... Rxf2 $16 {was called for.} 42. Rc7 Rf7) 42. f3 $18 Ra7 43. Rc6 Be3 44. Bd2 Bd4 45. Bc3 Be3 46. Rc7 Rea8 47. Kh3 {[%emt 0:00:06][%cal Od1a1] Hoping for Ra1!} b4 48. Bxb4 Rb8 (48... Bb6 $142 49. Rdc1 Bxc7 50. dxc7 Rc8) 49. Bc3 {[%emt 0:01:27] White is clearly winning.} Rxb3 50. Rc8 Rb8 51. Rxb8 Nxb8 52. d7 {[%emt 0:00:09] Weighted Error Value: White=0.15 (very precise) /Black=0.29 (precise)} 1-0